 Dungeon Crawl Stone Soup version 0.24-a0-368-g0e0cebd (webtiles) character file.

Game seed: 4848147187246084044

522 MatthieuS the Slasher (level 7, -3/55 HPs)
             Began as a Human Fighter on May 28, 2019.
             Was a Follower of Zin.
             Slain by an orc warrior
             ... wielding a cursed -3 halberd
              (15 damage)
             ... on level 4 of the Dungeon.
             The game lasted 00:06:46 (4374 turns).

MatthieuS the Slasher (Human Fighter)               Turns: 4374, Time: 00:06:47

Health: -3/55      AC:  9    Str: 23    XL:     7   Next: 46%
Magic:  8/8        EV:  7    Int: 10    God:    Zin [*.....]
Gold:   165        SH: 10    Dex: 13    Spells: 6/6 levels left

rFire    . . .     SeeInvis .   a - +0 long sword
rCold    + . .     Gourm    .   c - +0 shield
rNeg     . . .     Faith    .   v - +0 scale mail (curse)
rPois    .         Spirit   .   (no helmet)
rElec    .         Reflect  .   (no cloak)
rCorr    .         Harm     .   n - +1 pair of gloves {archery}
MR       .....                  (no boots)
Stlth    ..........             k - amulet of rage
HPRegen  0.18/turn              m - ring of protection from cold
MPRegen  0.11/turn              o - +2 ring of intelligence

@: mighty
A: no striking features
a: Recite, Donate Gold, Renounce Religion, Evoke Berserk Rage


You were on level 4 of the Dungeon.
You worshipped Zin.
Zin was aware of your devotion.
You were not hungry.

You visited 1 branch of the dungeon, and saw 4 of its levels.

You collected 183 gold pieces.
You donated 18 gold pieces to Zin.

Inventory:

Hand Weapons
 a - a +0 long sword (weapon)
Missiles
 t - 6 poisoned darts (quivered)
Armour
 c - a +0 shield (worn)
 n - a +1 pair of gloves of archery (worn)
   (You found it on level 2 of the Dungeon)
 v - a cursed +0 scale mail (worn)
   (You found it on level 3 of the Dungeon)
Jewellery
 k - an amulet of rage (around neck)
   (You found it on level 1 of the Dungeon)
 m - a ring of protection from cold (left hand)
   (You took it off a hobgoblin on level 2 of the Dungeon)
 o - a +2 ring of intelligence (right hand)
   (You found it on level 2 of the Dungeon)
 u - an uncursed amulet of the gourmand {unknown}
   (You found it on level 3 of the Dungeon)
Scrolls
 f - 3 scrolls of blinking {unknown}
 g - 2 scrolls of random uselessness {unknown}
 h - 2 scrolls of identify {unknown}
 i - a scroll of fear {unknown}
 j - 2 scrolls of teleportation {unknown}
 q - 2 scrolls of fog {unknown}
 s - a scroll of enchant armour {unknown}
 x - a scroll of remove curse {unknown}
Potions
 p - a potion of flight {unknown}
 r - 3 potions of curing {unknown}
 w - a potion of resistance {unknown}
Comestibles
 b - a chunk of flesh
 e - 5 rations


   Skills:
 + Level 4.4 Fighting
 * Level 4.8 Long Blades
 - Level 3.5 Armour
 + Level 4.5 Shields
 + Level 2.4 Invocations
 - Level 0.7 Evocations


You had 6 spell levels left.
You didn't know any spells.
Your spell library was empty.

Dungeon Overview and Level Annotations

Branches:
Dungeon (4/15)
 Temple: D:4-7

Altars:
Fedhas
Gozag
Ru
Sif Muna
Yredelemnul
Zin


Message History

The orc warrior hits you from afar with a cursed -3 halberd!!
* * * LOW HITPOINT WARNING * * *
The howler monkey hits you.
* * * LOW HITPOINT WARNING * * *
The orc hits you with a +0 dagger.
* * * LOW HITPOINT WARNING * * *
The howler monkey hoots and howls with incredible vigour!
You hear an angry hiss.
You closely miss the howler monkey. You block the howler monkey's attack.
The orc hits you but does no damage. The orc warrior barely misses you.
You block the howler monkey's attack.
You slash the howler monkey!
You kill the howler monkey!
You block the orc's attack.
You feel much better. You block the orc's attack.
The orc warrior hits you from afar with a cursed -3 halberd!
You feel very mighty all of a sudden. The orc hits you but does no damage.
The orc warrior closely misses you.
You slash the orc!
You kill the orc!
You block the orc's attack. The orc warrior barely misses you.
The orc hits you but does no damage. x2
You slash the orc!
You kill the orc!
You block the orc's attack.
The orc warrior hits you from afar with a cursed -3 halberd!!
* * * LOW HITPOINT WARNING * * *
The orc barely misses you.
You riposte.
You closely miss the orc.
Things that are here:
a +0 flail; a +0 dagger; an orc corpse You closely miss the orc warrior.
The orc warrior barely misses you. The orc barely misses you.
You hit the orc warrior but do no damage.
You block the orc warrior's attack. The orc hits you but does no damage.
You hit the orc warrior. The orc warrior closely misses you.
You block the orc's attack.
You feel much better.
The orc warrior hits you but does no damage.
You block the orc's attack.
You closely miss the orc warrior. The orc hits you with a +0 dagger.
* * * LOW HITPOINT WARNING * * *
The orc warrior barely misses you.
You hit the orc warrior. You block the orc's attack.
The orc warrior hits you with a cursed -3 halberd!
* * * LOW HITPOINT WARNING * * *
The orc hits you with a +0 dagger.
* * * LOW HITPOINT WARNING * * *
You slash the orc warrior!
The orc warrior hits you with a cursed -3 halberd!
You die...

......###...###
..............#
..............#
..............#
..............#
).............#
o..##..##...###
...##############+#######
..........†....o@........
.................o.......
.........................
###############...##+###.
#...# ...... ........
.........


You could see an orc warrior and an orc.

Vanquished Creatures
  Sigmund (D:4)
  A howler monkey (D:4)
  A worker ant (D:4)
  An iguana (D:4)
  2 orc wizards
  9 adders
  2 oozes (D:3)
  3 worms
  4 dart slugs (D:1)
  5 leopard geckos
  13 orcs
  11 bats
  4 giant cockroaches
  5 goblins
  9 hobgoblins
  7 jackals
  6 frilled lizards
  8 kobolds
  13 rats
  A fungus (D:2)
106 creatures vanquished.

Vanquished Creatures (others)
  A fungus (D:2)
1 creature vanquished.

Grand Total: 107 creatures vanquished

Notes
Turn   | Place    | Note
-------+----------+-------------------------------------------
     0 | D:1      | MatthieuS the Human Fighter began the quest for the Orb.
     0 | D:1      | Reached XP level 1. HP: 18/18 MP: 1/1
    32 | D:1      | Reached XP level 2. HP: 8/24 MP: 2/2
   365 | D:1      | Reached XP level 3. HP: 27/29 MP: 3/3
   875 | D:2      | Reached XP level 4. HP: 13/35 MP: 4/4
  1122 | D:2      | Found a blossoming altar of Fedhas.
  1191 | D:2      | Reached XP level 5. HP: 24/41 MP: 5/5
  1474 | D:2      | Found a glowing silver altar of Zin.
  1639 | D:2      | Became a worshipper of Zin the Law-Giver
  1731 | D:2      | Reached * piety under Zin
  2261 | D:2      | Found a sacrificial altar of Ru.
  2821 | D:3      | Reached skill level 1 in Invocations
  2889 | D:3      | Reached XP level 6. HP: 25/48 MP: 6/6
  3506 | D:3      | Found a basalt altar of Yredelemnul.
  3840 | D:4      | Reached ** piety under Zin
  3895 | D:4      | Found a deep blue altar of Sif Muna.
  3912 | D:4      | Noticed Sigmund
  3935 | D:4      | Killed Sigmund
  3935 | D:4      | Reached XP level 7. HP: 3/55 MP: 8/8
  4249 | D:4      | Found an opulent altar of Gozag.
  4374 | D:4      | Slain by an orc warrior

Levels and vault maps discovered:
D:1:      dpeg_arrival_arbitrary_b, layout_rooms
D:2:      layout_basic, fedhas_altar_3, zin_scriptorium,
          nicolae_ru_path_of_blood, serial_rivers,
          chequers_serial_rivers_room_b, chequers_serial_rivers_large_b,
          chequers_serial_rivers_micro_b, chequers_serial_rivers_small_b,
          chequers_serial_rivers_micro_c, chequers_serial_rivers_small_a,
          minivault_23, chequers_avenue, grunt_ministairs_4
D:3:      layout_basic, lemuel_doored_altar, minmay_cupped
D:4:      layout_gridville, grunt_gozag_statues, nicolae_overflow_crystal_walls,
          first_ration, uniq_sigmund

Skill      XL: |  1  2  3  4  5  6 |
---------------+-------------------+-----
Long Blades    | 3 4 |  4.8
Invocations    | 1 2 |  2.4
Shields        | 4 |  4.5
Fighting       | 4 |  4.4
Armour         | |  3.5
Evocations     | |  0.7

Action                   |  1- 3 |  4- 6 |  7- 9 || total
-------------------------+-------+-------+-------++-------
Melee: Long sword        |    89 |   305 |    28 ||   422
  Use: Potion            |     1 |     1 |     4 ||     6
  Eat: Chunk             |       |     9 |       ||     9
       Ration            |       |     1 |       ||     1
Armor: Scale mail        |    52 |   137 |    19 ||   208
Dodge: Dodged            |    44 |    91 |    16 ||   151
Block: Shield            |    70 |   161 |    29 ||   260
       Rpst.: Long sword |    17 |    29 |     3 ||    49

Table legend:
 A = Non-vault XP
 B = Vault XP
 C = Vault XP percentage of total XP
 D = Non-vault monster count
 E = Vault monster count
 F = Vault count percentage of total count
                 A         B        C        D         E       F
            +---------+---------+-------+---------+---------+-------
      Total |     498 |     249 |  33.3 |      99 |       6 |   5.7
            +---------+---------+-------+---------+---------+-------
        D:1 |      57 |       0 |   0.0 |      28 |       0 |   0.0
        D:2 |     100 |      18 |  15.3 |      24 |       2 |   7.7
        D:3 |     194 |       4 |   2.0 |      38 |       3 |   7.3
        D:4 |     147 |     227 |  60.7 |       9 |       1 |  10.0
            +---------+---------+-------+---------+---------+-------
